 Dungeon Crawl Stone Soup version 0.20.0-10-g0535bb4 (webtiles) character file.

135 Ekaitz the Ruffian (level 5, 0/45 HPs)
             Began as a Ghoul Monk on June 5, 2017.
             Slain by an orc wizard
             ... wielding a +0 dagger
              (3 damage)
             ... on level 3 of the Dungeon.
             The game lasted 00:08:14 (2351 turns).

Ekaitz the Ruffian (Ghoul Monk)                     Turns: 2351, Time: 00:08:15

Health: 0/45       AC:  2    Str: 16    XL:     5   Next: 18%
Magic:  4/4        EV: 13    Int: 10    God:
Gold:   199        SH:  0    Dex: 11    Spells: 4/4 levels left

rFire    . . .     SeeInvis .     - Unarmed
rCold    + . .     Gourm    .   (no shield)
rNeg     + + +     Faith    .   a - +0 robe
rPois    ∞         Spirit   .   (no helmet)
rElec    .         Reflect  .   (no cloak)
rCorr    +         Harm     .   (no gloves)
MR       .....                  (no boots)
Stlth    +++.......             (no amulet)
Regen    0.0/turn               k - ring of stealth
MPRegen  0.1/turn               x - ring of resist corrosion

@: brilliant, rotting
A: rotting body, claws 1, carnivore 3, cold resistance 1, negative energy
resistance 3, inhibited regeneration, torment resistance, unbreathing
a: no special abilities


You were on level 3 of the Dungeon.
You were not hungry.

You visited 1 branch of the dungeon, and saw 3 of its levels.

You collected 199 gold pieces.

Inventory:

Hand Weapons
 d - a +0 dagger of venom
Missiles
 l - 5 tomahawks (quivered)
Armour
 a - a +0 robe (worn)
Jewellery
 k - a ring of stealth (left claw)
 x - a ring of resist corrosion (right claw)
Scrolls
 h - a scroll of random uselessness {unknown}
 i - a scroll of enchant armour {unknown}
 j - a scroll of noise {unknown}
 m - 2 scrolls of magic mapping {unknown}
 p - a scroll of amnesia
 r - a scroll of enchant weapon {unknown}
 t - a scroll of fog {unknown}
 u - a scroll of identify {unknown}
 v - a scroll of teleportation
Potions
 e - a potion of brilliance
 n - a potion of haste {unknown}
 o - a potion of resistance {unknown}
 s - a potion of heal wounds {unknown}
Comestibles
 b - 5 meat rations
 c - 2 royal jellies


   Skills:
 + Level 3.6 Fighting
 * Level 1.0 Armour
 + Level 3.3 Dodging
 + Level 3.5 Stealth
 + Level 4.6 Unarmed Combat


You had 4 spell levels left.
You didn't know any spells.

Dungeon Overview and Level Annotations

Branches:
Dungeon (3/15)

Altars:
Dithmenos
Elyvilon
Gozag
Nemelex Xobeh

Annotations:
D:3 Lucherd's ghost, amateur FoFi


Innate Abilities, Weirdness & Mutations

Your body is rotting away.
You thrive on raw meat.
You are immune to poison.
You have sharp fingernails.
You are carnivorous and can eat meat at any time.
Your flesh is cold resistant. (rC+)
You are immune to negative energy. (rN+++)
You do not regenerate when monsters are visible.
You are immune to unholy pain and torment.
You can survive without breathing.


Message History

* * * LOW HITPOINT WARNING * * *
Unknown command.
There is an open door here.
Okay, then.
You claw the orc!
You kill the orc!
There is an open door here.
You hear some strange, mumbled words.
You are confused.
You bump into the rock wall.
You are starting to lose your buoyancy.
Something hits you.
* * * LOW HITPOINT WARNING * * *
There is an open door here.
You feel less confused.
You hear some strange, mumbled words.
A puff of flame appears from out of thin air!
The puff of flame misses you.
You float gracefully downwards.
Something hits you.
You die...

...............#.....#.........
...............#.....#.........
.....#.........#.....#.........
......##'###'###.....#.........
......##.#.....'.....'.........
.._8_..#.#....##.....#..?......
.......#{#....##.....#.........
.......#.###))['........).%....
.......#.###'###@..###.........
###............'....###........
###...........##....# #........
..............##....# #..........
..............##....###..........
............>.......Z............
................................#
................................#
...)............[...............#


You could see an adder skeleton (wandering).

Vanquished Creatures
  A hound (D:3)
  4 adders
  An ooze (D:3)
  A dart slug (D:1)
  2 leopard geckos
  5 orcs (D:3)
  2 giant cockroaches
  5 hobgoblins
  2 jackals (D:2)
  A quokka (D:2)
  A ball python (D:1)
  9 bats
  A frilled lizard (D:1)
  7 goblins
  6 kobolds
  8 rats
56 creatures vanquished.

Notes
Turn   | Place    | Note
-------+----------+-------------------------------------------
     0 | D:1      | Ekaitz the Ghoul Monk began the quest for the Orb.
     0 | D:1      | Reached XP level 1. HP: 19/19 MP: 0/0
   139 | D:1      | Reached XP level 2. HP: 23/26 MP: 1/1
   971 | D:2      | Reached XP level 3. HP: 28/31 MP: 2/2
  1247 | D:2      | Found a shadowy altar of Dithmenos.
  1463 | D:2      | Reached skill level 4 in Unarmed Combat
  1571 | D:2      | Found a sparkling altar of Nemelex Xobeh.
  1779 | D:3      | Reached XP level 4. HP: 23/38 MP: 3/3
  1932 | D:3      | Noticed Lucherd's ghost (amateur FoFi)
  2211 | D:3      | Found an opulent altar of Gozag.
  2211 | D:3      | Found a white marble altar of Elyvilon.
  2266 | D:3      | Reached skill level 1 in Armour
  2266 | D:3      | Reached XP level 5. HP: 32/45 MP: 4/4
  2351 | D:3      | Slain by an orc wizard

Skill      XL: |  1  2  3  4 |
---------------+-------------+-----
Dodging        | 3 |  3.3
Unarmed Combat | 4 |  4.6
Stealth        | 3 |  3.5
Armour         | 1 |  1.0
Fighting       | |  3.6

Action                   |  1- 3 |  4- 6 || total
-------------------------+-------+-------++-------
Melee: Unarmed           |   107 |    75 ||   182
       Punch             |       |     1 ||     1
  Use: Scroll            |     3 |     1 ||     4
       Potion            |       |     3 ||     3
 Stab: Sleeping          |    12 |     4 ||    16
  Eat: Chunk             |    12 |    13 ||    25
Armor: Robe              |    17 |    18 ||    35
Dodge: Dodged            |    66 |    66 ||   132
